 Dungeon Crawl Stone Soup version 0.28.0 (webtiles) character file.

Game seed: 2948547083780929309

234 browni3141 the Skirmisher (level 5, -14/48 HPs)
             Began as a Minotaur Berserker on Feb 16, 2022.
             Was a Priest of Trog.
             Killed from afar by Ijyb (29 damage)
             ... with a bolt of acid
             ... on level 3 of the Dungeon.
             The game lasted 00:01:13 (2937 turns).

browni3141 the Skirmisher (Minotaur Berserker)      Turns: 2937, Time: 00:01:14

Health: -14/48     AC:  6    Str: 23    XL:     5   Next: 75%
Magic:  4/4        EV: 10    Int:  4    God:    Trog [***...]
Gold:   91         SH:  0    Dex: 10    Spells: 4/4 levels left

rFire   . . .      SeeInvis .   a - +0 hand axe
rCold   . . .      Faith    .   (no shield)
rNeg    . . .      Spirit   .   f - +3 scale mail
rPois   +          Reflect  .   (helmet restricted)
rElec   .          Harm     .   (no cloak)
rCorr   .          Rampage  .   (no gloves)
Will    .....                   (no boots)
Stlth   ..........              (no amulet)
HPRegen 0.16/turn               c - ring of flight
MPRegen 0.09/turn               k - ring of poison resistance

@: corroded, flying
A: horns 2, retaliatory headbutt
a: Renounce Religion, Berserk, Trog's Hand


You were on level 3 of the Dungeon.
You worshipped Trog.
Trog was most pleased with you.
You visited 1 branch of the dungeon, and saw 3 of its levels.

You collected 91 gold pieces.

Inventory:

Hand Weapons
 a - a +0 hand axe (weapon)
Armour
 b - a +0 animal skin
 f - a +3 scale mail (worn)
Jewellery
 c - a ring of flight (left hand)
 j - a +6 ring of intelligence
 k - a ring of poison resistance (right hand)
Wands
 m - a wand of flame (8)
Scrolls
 i - 2 scrolls of fog {unknown}
 l - a scroll of immolation {unknown}
 n - a scroll of identify {unknown}
Potions
 d - a potion of mutation {unknown}
 e - a potion of curing {unknown}
 g - a potion of attraction {unknown}
 h - a potion of heal wounds {unknown}
 o - a potion of degeneration {unknown}


   Skills:
 + Level 5.4 Fighting
 + Level 5.4 Axes
 + Level 4.6 Armour
 - Level 2.1 Dodging


You had 4 spell levels left.
You didn't know any spells.
Your spell library was empty.

Dungeon Overview and Level Annotations

Branches:
Dungeon (3/15)

Altars:
Fedhas
Uskayaw
Xom

Annotations:
D:3 Ijyb


Innate Abilities, Weirdness & Mutations

You have a pair of horns on your head.
You reflexively headbutt those who attack you in melee.


Message History

You kill the bat!
Trog accepts your kill.
No target in view!
You reach down and open the door.
Ijyb and an adder come into view.
Ijyb is wielding a +0 dagger and carrying a wand of acid (11).
Ijyb shouts!
The adder hisses angrily.
Found 15 gold pieces.
There are monsters nearby!
You slash the adder!
You kill the adder!
Trog accepts your kill.
Ijyb zaps a wand.
The bolt of acid misses you.
There is an open door, spattered with blood here.
You see here an adder corpse.
Ijyb is nearby!
Ijyb is nearby!
You hit Ijyb. Your headbutt misses Ijyb.
Ijyb is lightly wounded.
Ijyb screams, "You nasty!
Big nasty!"
Ijyb hits you with a +0 dagger.
Ijyb is nearby!
You hit Ijyb but do no damage.
Ijyb is lightly wounded.
Ijyb zaps a wand.
The bolt of acid misses you.
You closely miss Ijyb.
Ijyb is lightly wounded.
Ijyb zaps a wand.
The bolt of acid hits you!!
Ouch! That really hurt!
You hit Ijyb but do no damage. You headbutt Ijyb.
Ijyb is lightly wounded.
Ijyb barely misses you.
You closely miss Ijyb. Your headbutt misses Ijyb.
Ijyb is lightly wounded.
Ijyb zaps a wand.
The bolt of acid hits you! The acid corrodes you!
You hit Ijyb but do no damage.
Ijyb is lightly wounded.
Ijyb zaps a wand.
The bolt of acid hits you!!
Ouch! That really hurt!
You die...

#........#.#.# #.
####.........# # #.
###.####### .# #.
##'## ###.### #.
##...## ....... ##
##.....## .......
## #.......##
....... ##.
#.........##.......
#..
+.........†@g......
...#
#.........##$......
##.. ##.......##
....... #..
##.....## ##.##.#
##.# ##...## .# #
#.# ##+# . ##.. #
#.#. ##.. ##.


You could see Ijyb.

Vanquished Creatures
  Terence (D:3)
  8 gnolls (D:2)
  5 adders
  2 worms
  A dart slug (D:1)
  4 bats
  9 endoplasms
  6 giant cockroaches
  9 goblins
  6 hobgoblins
  6 jackals
  6 kobolds
  3 quokkas (D:1)
  A ball python (D:3)
  4 frilled lizards
  8 rats
79 creatures vanquished.

Vanquished Creatures (others)
  25 plants (D:2)
25 creatures vanquished.

Grand Total: 104 creatures vanquished

Notes
Turn   | Place    | Note
-------+----------+-------------------------------------------
     0 | D:1      | browni3141 the Minotaur Berserker began the quest for the
                  | Orb.
     0 | D:1      | Reached XP level 1. HP: 19/19 MP: 0/0
   164 | D:1      | Reached XP level 2. HP: 14/27 MP: 1/1
   840 | D:1      | Reached ** piety under Trog
   841 | D:1      | Reached XP level 3. HP: 25/33 MP: 2/2
  1533 | D:2      | Reached XP level 4. HP: 41/41 MP: 3/3
  1710 | D:2      | Found a faded altar of an unknown god.
  1746 | D:2      | Reached skill level 5 in Fighting
  1747 | D:2      | Reached XP level 5. HP: 48/48 MP: 4/4
  1752 | D:2      | Reached skill level 5 in Axes
  2125 | D:2      | Found a shimmering altar of Xom.
  2422 | D:3      | Noticed Terence
  2433 | D:3      | Killed Terence
  2433 | D:3      | Reached *** piety under Trog
  2792 | D:3      | Found a blossoming altar of Fedhas.
  2794 | D:3      | Found a hide-covered altar of Uskayaw.
  2928 | D:3      | Noticed Ijyb
  2937 | D:3      | Killed from afar by Ijyb

Illustrated notes

Levels and vault maps discovered:
D:1:      nicolae_arrival_washed_ashore, layout_basic
D:2:      layout_basic, shapermc_ecumenical_altar_hornbeckon, basic_altar,
          nicolae_grassy_gnolls
D:3:      layout_loops_corners, minitemple, minmay_circle_x, uniq_ijyb,
          uniq_terence

Skill      XL: |  1  2  3  4  5 |
---------------+----------------+-----
Fighting       | 4 5 |  5.4
Axes           | 4 5 |  5.4
Armour         | 3 4 |  4.6
Dodging        | |  2.1

Action                   |  1- 3 |  4- 6 || total
-------------------------+-------+-------++-------
Melee: Hand axe          |    63 |    90 ||   153
       Headbutt          |    11 |    11 ||    22
       Punch             |     1 |     1 ||     2
Invok: Berserk           |       |     2 ||     2
Armor: Animal skin       |    12 |       ||    12
       Scale mail        |     9 |    41 ||    50
Dodge: Dodged            |    49 |    37 ||    86
